 Dungeon Crawl Stone Soup version 0.21-a0-110-g8e1637b (webtiles) character file.

379512 kuniqs the Warrior (level 22, -9/128 HPs)
             Began as a Vine Stalker Berserker on July 9, 2017.
             Was the Champion of Trog.
             Killed from afar by an orb of fire (18 damage)
             ... with a fireball
             ... on level 5 of the Realm of Zot.
             The game lasted 01:49:37 (39948 turns).

kuniqs the Warrior (Vine Stalker Berserker)        Turns: 39948, Time: 01:49:38

Health: -9/128     AC: 60    Str: 35    XL:     22   Next: 47%
Magic:  0/23       EV: 26    Int: 12    God:    Trog [******]
Gold:   403        SH: 22    Dex: 24    Spells: 21/21 levels left

rFire    + . .     SeeInvis +   X - +6 quick blade (freeze)
rCold    + . .     Gourm    .   W - +5 shield {AC+3}
rNeg     . . .     Faith    .   T - +20 crystal plate armour of Least Resistance {rF- Int+4 SInv}
rPois    +         Spirit   +   Q - +2 helmet {Int+3}
rElec    +         Reflect  .   x - +2 cloak {rC+}
rCorr    .         Harm     .   M - +2 pair of gloves
MR       ++...     Rnd*Rage +   s - +0 pair of boots "Fuoleuff" {rF+ SInv}
Stlth    ..........             (no amulet)
HPRegen  1.11/turn              R - ring "Orublix" {rElec rPois Str+5 SInv Stlth-}
MPRegen  0.18/turn              U - +4 ring of slaying

@: mighty, agile, hasted, very quick
A: fangs 3, berserk 1, dopey 1, fire resistance 1, regeneration 2, magic shield,
antimagic bite, no potion heal 3, rot immunity
}: 3/15 runes: barnacled, abyssal, gossamer
a: Berserk, Trog's Hand, Brothers in Arms, Burn Spellbooks, Renounce Religion


You were on level 5 of the Realm of Zot.
You worshipped Trog.
Trog was exalted by your worship.
You were very full.

You visited 9 branches of the dungeon, and saw 46 of its levels.
You visited the Abyss 1 time.
You visited 1 bazaar.
You also visited: Sewer, Ice Cave and Volcano.

You collected 4092 gold pieces.
You spent 3689 gold pieces at shops.

Inventory:

Hand Weapons
 X - a +6 quick blade of freezing (weapon)
Missiles
 P - 8 throwing nets (quivered)
Armour
 s - the +0 pair of boots "Fuoleuff" (worn) {rF+ SInv}
   (You bought it in a shop in a bazaar)

   It protects you from fire.
   It lets you see invisible.
 x - a +2 cloak of cold resistance (worn)
 M - a +2 pair of gloves (worn)
 Q - a +2 helmet of intelligence (worn)
 T - the +20 crystal plate armour of Least Resistance (worn) {rF- Int+4 SInv}
   (You bought it in a shop on level 4 of the Dungeon)

   It affects your intelligence (+4).
   It makes you vulnerable to fire.
   It lets you see invisible.
 W - a +5 shield of protection (worn)
 Y - a +1 cloak of fire resistance
Jewellery
 L - an uncursed ring of positive energy
 R - the ring "Orublix" (left hand) {rElec rPois Str+5 SInv Stlth-}
   (You bought it in a shop on level 4 of the Depths)

   [ring of see invisible]

   It affects your strength (+5).
   It insulates you from electricity.
   It protects you from poison.
   It lets you see invisible.
   It makes you less stealthy.
 U - a +4 ring of slaying (right hand)
Wands
 h - a wand of disintegration (11/24)
 v - a wand of polymorph (0/24)
 y - a wand of confusion (34/48)
 A - a wand of disintegration (8/24)
 C - a wand of clouds (6/9)
 D - a wand of lightning (11/15)
 I - a wand of acid (9/15)
 J - a wand of scattershot (6/9)
 O - a wand of digging (12/24)
Scrolls
 a - 17 scrolls of remove curse {@r2}
 c - 17 scrolls of identify {@r1}
 g - 9 scrolls of immolation
 i - 4 scrolls of fog
 k - 4 scrolls of blinking
 n - 2 scrolls of fear
 o - a scroll of magic mapping
 p - 6 scrolls of recharging
 r - 14 scrolls of teleportation
 F - 2 scrolls of enchant armour
 K - a scroll of holy word
Potions
 b - 4 potions of might
 m - 13 potions of curing {@q1}
 q - 3 potions of invisibility
 u - 4 potions of haste
 w - 3 potions of cancellation
 z - 8 potions of agility
 B - 3 potions of berserk rage
 H - 5 potions of flight
 N - 4 potions of mutation
Miscellaneous
 E - a lamp of fire
Comestibles
 d - 20 bread rations
 e - 16 meat rations
 f - 15 fruits
 l - 29 royal jellies


   Skills:
 + Level 17.9 Fighting
 - Level 8.0 Short Blades
 + Level 16.9 Armour
 + Level 16.9 Dodging
 - Level 15.5 Shields


You had 21 spell levels left.
You didn't know any spells.

Dungeon Overview and Level Annotations

Branches:
Dungeon (15/15)            Temple (1/1) D:6            Lair (6/6) D:9
 Shoals (4/4) Lair:3       Spider (4/4) Lair:3        Slime (0/5) Lair:5
    Orc (2/2) D:9             Elf (0/3) Orc:2        Vaults (4/5) D:14
  Crypt (0/3) Vaults:3     Depths (5/5) D:15            Zot (5/5) Depths:5

Altars:
Ashenzari
Fedhas
Hepliaklqana
Nemelex Xobeh
Qazlal
Ru
Sif Muna
Uskayaw
Vehumet
Yredelemnul

Shops:
D:4 ?[[:   D:11 *   D:12 =   D:14 *   Orc:2 (:[*   Vaults:1 [   Zot:5 *
Depths:4 !!?=

Portals:
Hell: Depths:5

Annotations:
Lair:1 exclusion: 2 oklob plants
Lair:2 exclusion: oklob plant
Shoals:3 exclusion: Roxanne, Roxanne


Innate Abilities, Weirdness & Mutations

You have razor-sharp teeth.
You heal very quickly.
When hurt, damage is shared between your health and your magic reserves.
Your bite disrupts and absorbs the magic of your enemies.
Potions cannot restore your health.
You are immune to rotting.
You tend to lose your temper in combat.
You are dopey. (Int -2)
Your flesh is heat resistant. (rF+)


Message History

You feel stupid.
Your cyclops barely misses the storm dragon.
The storm dragon bites your cyclops!! The storm dragon claws your cyclops!
Your cyclops dies!
Your cyclops's corpse disappears in a puff of smoke!
Your blink will be uncontrolled - continue anyway?
The Orb prevents control of your translocation!
You blink.
As you read the scroll of blinking, it crumbles to dust.
You found a net trap!
The orb of fire glows deep purple.
The fireball explodes!
The fireball engulfs you! You resist.
* * * LOW HITPOINT WARNING * * *
The ancient lich points at you and mumbles some strange words.
The crystal spear hits you!
* * * LOW HITPOINT WARNING * * *
The ancient lich gestures wildly while chanting.
The orb of fire glows red.
The fireball explodes!
The fireball engulfs you! You resist.
You die...

*,,,,,,,,........## *#..........
,,,,,,,,,.........## #..........
,,,,,..............# ##.........
,................$.# #.........
,..................# ##.........
,..................# #..........
,.....?........^...# ##..........
,..........X.*D....###...........
,........py8§L§.@.###...#########
*......yy.§§§*§..##†../##
*#.......8§*§L.2.^^^.###
▓▓....y##▓▓#▓▓▓▓▓▓▓▓#
*▓......,,,,,,,,,****
*....y..,,,,,,,,,,,,***
,.......,,,,,,,,,,,,,,**
,......*,,,,,,,,,,,,,,,* ********
,.......,,,,,,,,,,,,,,,***,,,,,,,


You could see 2 orbs of fire, a tentacled monstrosity, 2 ancient liches, a storm
dragon (berserk) and a green death.

Vanquished Creatures
  A lich (Vaults:3)
  An electric golem (Zot:3)
  6 tentacled monstrosities
  10 Orb Guardians (Zot:5)
  An Ice Fiend (IceCv)
  A tentacled starspawn (Abyss:3)
  A death cob (Zot:3)
  Agnes (Spider:4)
  A sphinx (Vaults:1)
  2 shadow dragons (Depths:5)
  2 storm dragons
  Donald (Orc:2)
  2 draconian monks
  A fire giant (Vaults:4)
  An orc warlord (Orc:2)
  A frost giant (Vaults:4)
  10 vault wardens
  5 draconian scorchers
  Louise (Spider:3)
  6 ghost moths
  3 draconian annihilators
  A draconian shifter (Zot:5)
  2 emperor scorpions
  A ghoul (Vaults:1)
  A war gargoyle (Vaults:3)
  8 ironheart preservers
  7 stone giants
  4 black draconians
  3 entropy weavers
  3 green draconians
  A red draconian (Depths:5)
  2 yellow draconians
  6 ettins
  6 spark wasps
  A white draconian (Zot:4)
  Snorg (Orc:1)
  Josephine (D:14)
  2 merfolk javelineers
  6 merfolk impalers
  A green death (Abyss:3)
  4 fire dragons
  2 great orbs of eyes
  8 ogre magi
  7 yaktaur captains
  3 ice dragons
  6 vault guards
  A spriggan air mage (Depths:5)
  3 death knights
  5 hydras
  6 centaur warriors
  26 two-headed ogres
  A deep troll earth mage (Vaults:2)
  A merfolk aquamancer (Shoals:4)
  2 tengu warriors (D:14)
  6 deep troll shamans
  2 satyrs (Shoals:4)
  The ghost of anything the Covert, a journeyman OpHu of Gozag (D:9)
  4 merfolk avatars
  16 death yaks
  Urug (D:10)
  A vampire mage (D:15)
  A deep elf knight (Vaults:2)
  4 orc high priests
  A spriggan berserker (Depths:5)
  Sonja (D:11)
  2 iron trolls (Depths:4)
  A hell knight (Vaults:4)
  3 shadow wraiths
  10 sea snakes
  A fire crab (Lair:6)
  2 skeletal warriors (D:15)
  6 unseen horrors
  A swamp dragon (Lair:6)
  14 deep trolls
  6 wizards
  2 deep elf archers
  12 harpies
  20 ironbrand convokers
  14 orc knights
  A phantasmal warrior (D:12)
  2 deep elf magi
  14 manticores
  34 wolf spiders
  2 orc sorcerers (Orc:2)
  A manticore (shapeshifter) (D:14)
  3 necromancers
  17 orb spiders
  A stone giant zombie (D:15)
  8 fauns
  29 ugly things
  A moth of wrath (shapeshifter) (Vaults:3)
  7 cyclopes
  A fire giant zombie (D:15)
  Maurice (D:11)
  A black mamba (shapeshifter) (Vaults:3)
  6 moths of wrath
  10 merfolk sirens
  11 elephants
  8 vault sentinels
  4 torpor snails
  6 water nymphs
  An apocalypse crab (Abyss:3)
  4 black mambas
  6 spiny frogs
  7 rime drakes
  3 kobold demonologists (D:13)
  40 yaktaurs
  6 demonic crawlers
  6 freezing wraiths
  7 komodo dragons
  4 efreet
  2 golden dragon simulacra (IceCv)
  7 ice devils (IceCv)
  4 tengu conjurers
  An anaconda simulacrum (IceCv)
  A silent spectre (Abyss:3)
  12 polar bears (Lair:6)
  A queen bee (Spider:2)
  10 hornets
  6 meliai
  A jumping spider (shapeshifter) (Vaults:2)
  8 wind drakes
  42 jumping spiders
  28 merfolk
  Grinder (D:5)
  Prince Ribbit (Lair:2)
  7 trolls
  30 blink frogs
  8 hippogriffs
  2 raiju (Lair:6)
  17 dream sheep
  A dream sheep (shapeshifter) (D:13)
  A snapping turtle (Shoals:2)
  10 slime creatures
  A wolf spider simulacrum (IceCv)
  An ettin zombie (D:15)
  A stone giant simulacrum (Vaults:2)
  2 small abominations (Abyss:3)
  A tarantella (shapeshifter) (Vaults:4)
  65 redbacks
  A shadow (D:13)
  5 water elementals
  8 wyverns
  4 dire elephant simulacra (IceCv)
  A fire dragon skeleton (D:15)
  29 tarantellas
  54 yaks
  3 spriggans
  3 steam dragons
  Eustachio (D:4)
  7 wraiths
  A basilisk (Lair:6)
  2 fire elementals (Volcano)
  A hungry ghost (D:14)
  9 wargs
  An acid dragon (Lair:6)
  2 soldier ants
  3 harpy simulacra (IceCv)
  15 hell hounds (Lair:6)
  3 hydra simulacra (IceCv)
  13 water moccasins
  A floating eye (Abyss:3)
  A large abomination (Abyss:3)
  30 orc warriors
  2 swamp drakes (Lair:6)
  6 porcupines
  6 sky beasts
  13 black bears
  An ettin simulacrum (Vaults:1)
  3 eyes of draining
  An alligator simulacrum (IceCv)
  3 phantoms
  3 boggarts (Vaults:3)
  24 wolves
  3 ice beasts
  13 centaurs
  34 ogres
  16 crocodiles
  3 big kobolds
  18 bullfrogs
  A gnoll sergeant (D:9)
  A wyvern skeleton (D:13)
  A water moccasin skeleton (D:10)
  3 scorpions
  2 elephant simulacra (IceCv)
  2 human simulacra (Vaults:3)
  25 killer bees
  15 wights
  3 howler monkeys (D:9)
  5 electric eels
  10 crimson imps
  3 centaur zombies
  2 bullfrog zombies
  14 jellies
  28 orc priests
  5 hounds
  36 orc wizards
  A bullfrog skeleton (D:6)
  2 centaur skeletons (D:5)
  9 iguanas
  A polar bear simulacrum (IceCv)
  15 worker ants
  2 spriggan simulacra (IceCv)
  A troll simulacrum (IceCv)
  A wolf simulacrum (IceCv)
  2 hound zombies
  A worker ant zombie (D:8)
  8 gnolls
  A howler monkey skeleton (D:4)
  5 naga simulacra (IceCv)
  19 adders
  2 ogre simulacra (IceCv)
  3 shadow imps
  5 white imps (IceCv)
  3 ufetubi (IceCv)
  24 oozes
  An adder skeleton (D:9)
  4 worms
  3 dart slugs (D:1)
  14 leopard geckos
  74 orcs
  5 bats
  10 giant cockroaches
  9 hobgoblins
  10 jackals
  25 kobolds
  5 quokkas
  7 ball pythons
  14 frilled lizards
  13 goblins
  A leopard gecko skeleton (D:5)
  A quokka skeleton (D:9)
  13 rats
1663 creatures vanquished.

Vanquished Creatures (collateral kills)
  Nikola (Spider:2)
  Rupert (D:14)
  Gastronok (D:11)
  Frances (D:13)
  An emperor scorpion (Spider:4)
  A frost giant (Shoals:4)
  2 entropy weavers (Spider:4)
  A spark wasp (Spider:4)
  A merfolk javelineer (Shoals:4)
  3 merfolk impalers (Shoals:4)
  Erolcha (D:11)
  A merfolk avatar (Shoals:4)
  An alligator snapping turtle (Shoals:4)
  3 merfolk aquamancers (Shoals:4)
  The ghost of braks the Zephyrmancer, a journeyman TeAE of Sif Muna (D:12)
  2 death knights
  An orc high priest (Orc:2)
  A skeletal warrior (D:12)
  4 sea snakes (Shoals:4)
  An orc knight (Orc:2)
  An orc sorcerer (Orc:2)
  A deep elf mage (D:12)
  A centaur zombie (D:13)
  A water nymph (Shoals:4)
  2 golden dragon simulacra (IceCv)
  A jumping spider (Spider:4)
  A troll (D:14)
  A merfolk (Shoals:4)
  A wolf spider simulacrum (IceCv)
  5 hornets (Spider:4)
  6 slime creatures
  2 snapping turtles (Shoals:4)
  2 tarantellas (Spider:4)
  7 redbacks (Spider:4)
  7 orc warriors (Orc:2)
  A phantom (D:12)
  3 wights (D:12)
  2 orc priests (Orc:2)
  4 orc wizards (Orc:2)
  6 orcs (Orc:2)
84 creatures vanquished.

Vanquished Creatures (others)
  A vault warden (Vaults:3)
  A deep troll earth mage (Depths:2)
  A deep troll (Depths:2)
  An orb spider (Spider:2)
  2 jumping spiders (Spider:2)
  A tarantella (Spider:2)
  A water moccasin (Lair:6)
  An orc warrior (Orc:2)
  A killer bee (Spider:2)
  A wight (D:12)
  2 white imps (IceCv)
  An ufetubus (IceCv)
  2 kobolds
  A frilled lizard (D:2)
  A fire vortex (Volcano)
  12 fungi
  15 plants
  3 starspawn tentacles (Abyss:3)
  A withered plant (D:15)
49 creatures vanquished.

Grand Total: 1796 creatures vanquished

Notes
Turn   | Place    | Note
-------+----------+-------------------------------------------
     0 | D:1      | kuniqs the Vine Stalker Berserker began the quest for the Orb.
     0 | D:1      | Reached XP level 1. HP: 11/11 MP: 2/2
   275 | D:1      | Reached XP level 2. HP: 16/16 MP: 3/3
   383 | D:1      | Reached skill level 3 in Fighting
   383 | D:1      | Reached XP level 3. HP: 20/20 MP: 4/4
   690 | D:1      | Reached ** piety under Trog
  1293 | D:2      | Gained mutation: Your natural rate of healing is unusually fast. [Vine Stalker growth]
  1293 | D:2      | Reached XP level 4. HP: 24/24 MP: 5/5
  1769 | D:2      | Found a stormy altar of Qazlal.
  1876 | D:2      | Reached XP level 5. HP: 28/28 MP: 6/6
  1918 | D:2      | Found a deep blue altar of Sif Muna.
  2003 | D:3      | Found a glowing drain.
  2034 | Sewer    | Entered a sewer
  2070 | Sewer    | Reached *** piety under Trog
  2335 | Sewer    | Reached XP level 6. HP: 33/33 MP: 7/7
  2403 | Sewer    | Reached **** piety under Trog
  2428 | Sewer    | Reached skill level 4 in Fighting
  2555 | D:3      | Found a sacrificial altar of Ru.
  3187 | D:4      | Found Honibat's Armour Emporium.
  3193 | D:4      | Reached XP level 7. HP: 35/37 MP: 8/8
  3301 | D:4      | Found Anarojum's Antique Armour Boutique.
  3302 | D:4      | Noticed Eustachio
  3338 | D:4      | Killed Eustachio
  3388 | D:4      | Found Xamar's Magic Scroll Shop.
  3500 | D:4      | Found a sparkling altar of Nemelex Xobeh.
  3546 | D:4      | Found Ifiydgh's Book Shoppe.
  3752 | D:5      | Entered Level 5 of the Dungeon
  3752 | D:5      | Noticed Grinder
  3765 | D:5      | Killed Grinder
  3793 | D:5      | Gained mutation: You have razor-sharp teeth. [Vine Stalker growth]
  3793 | D:5      | Reached XP level 8. HP: 42/42 MP: 9/9
  3825 | D:5      | Found a radiant altar of Vehumet.
  3834 | D:5      | Reached skill level 5 in Fighting
  3835 | D:5      | Found a hazy altar of Hepliaklqana.
  3885 | D:5      | Found a basalt altar of Yredelemnul.
  3980 | D:4      | Bought a shimmering chain mail for 199 gold pieces
  3981 | D:4      | Identified the cursed +1 chain mail of Gestures {+Inv rC+ rN+ Str+2} (You bought it in a shop on level 4 of the Dungeon)
  4057 | D:5      | Reached skill level 5 in Short Blades
  5085 | D:6      | Found a shattered altar of Ashenzari.
  5286 | D:6      | Found a staircase to the Ecumenical Temple.
  5416 | D:6      | Found a hide-covered altar of Uskayaw.
  5543 | Temple   | Entered the Ecumenical Temple
  5745 | D:7      | Reached XP level 9. HP: 48/48 MP: 10/10
  5883 | D:7      | Found a blossoming altar of Fedhas.
  5889 | D:7      | Reached ***** piety under Trog
  5934 | D:7      | Reached skill level 5 in Armour
  6101 | D:7      | Reached skill level 6 in Fighting
  6269 | D:8      | Reached skill level 5 in Dodging
  7076 | D:8      | Reached skill level 7 in Fighting
  7104 | D:8      | Reached XP level 10. HP: 55/55 MP: 11/11
  7484 | D:9      | Noticed anything's ghost (journeyman OpHu)
  7500 | D:9      | Killed anything's ghost
  7539 | D:9      | Found a staircase to the Orcish Mines.
  7592 | D:9      | Noticed a death yak
  7593 | D:9      | Noticed a death yak
  7613 | D:9      | Noticed a death yak
  7615 | D:9      | Noticed a death yak
  7617 | D:9      | Noticed a death yak
  7619 | D:9      | Noticed a death yak
  7645 | D:8      | Killed a death yak
  7683 | D:9      | Noticed a death yak
  7696 | D:8      | Killed a death yak
  7793 | D:8      | Killed a death yak
  7862 | D:9      | Reached skill level 8 in Fighting
  7943 | D:9      | Found a staircase to the Lair.
  7992 | Lair:1   | Entered Level 1 of the Lair of Beasts
  8017 | D:9      | Reached XP level 11. HP: 60/60 MP: 12/12
  8027 | D:9      | Received a gift from Trog
  8289 | D:8      | Killed a death yak
  8704 | D:10     | Entered Level 10 of the Dungeon
  8784 | D:10     | Noticed a two-headed ogre
  8793 | D:10     | Killed a two-headed ogre
  9078 | D:10     | Noticed Urug
  9113 | D:10     | You fall through a shaft for 3 floors!
  9113 | D:13     | Noticed a two-headed ogre
  9121 | D:13     | Killed a two-headed ogre
  9174 | D:13     | Reached skill level 9 in Fighting
  9340 | D:13     | Noticed Frances
  9341 | D:13     | Noticed a sixfirhy
  9352 | D:13     | Gained mutation: You are covered in fur. (AC +1) [a neqoxec]
  9353 | D:13     | Killed Frances
  9360 | D:13     | Noticed a death knight
  9362 | D:13     | Killed a death knight
  9607 | D:12     | Noticed braks's ghost (journeyman TeAE)
  9623 | D:12     | Killed braks's ghost
  9623 | D:12     | Gained mutation: You heal very quickly. [Vine Stalker growth]
  9623 | D:12     | Reached XP level 12. HP: 55/67 MP: 10/13
  9651 | D:12     | Noticed a two-headed ogre
  9657 | D:12     | Killed a two-headed ogre
  9834 | D:12     | Noticed a death knight
  9848 | D:12     | Reached skill level 10 in Fighting
  9859 | D:12     | Killed a death knight
 10246 | D:12     | Noticed a two-headed ogre
 10259 | D:12     | Killed a two-headed ogre
 10487 | D:11     | Noticed Erolcha
 10530 | D:11     | Killed Erolcha
 11204 | D:10     | Killed Urug
 11358 | D:10     | Reached skill level 1 in Shields
 11833 | D:11     | Noticed Gastronok
 11841 | D:11     | Killed Gastronok
 11841 | D:11     | Reached XP level 13. HP: 73/73 MP: 14/14
 11905 | D:11     | Reached skill level 11 in Fighting
 11905 | D:11     | Reached skill level 10 in Armour
 11960 | D:11     | Found Nirha's Assorted Antiques.
 11967 | D:11     | Bought a scroll labeled OXELALUOLOO for 29 gold pieces
 11983 | D:11     | Noticed Sonja
 11986 | D:11     | Killed Sonja
 12008 | D:11     | Bought a lumpy red potion for 26 gold pieces
 12066 | D:11     | Noticed Maurice
 12179 | D:11     | Killed Maurice
 12386 | D:12     | Found Qeuge's Jewellery Shop.
 12847 | D:13     | Reached skill level 10 in Dodging
 13378 | D:14     | Found a gate to the Vaults.
 13411 | D:14     | Noticed Rupert
 13424 | D:14     | Killed Rupert
 13990 | D:14     | Reached skill level 5 in Shields
 14165 | D:14     | Found Viteif's General Store.
 14172 | D:14     | Bought a scroll of teleportation for 57 gold pieces
 14172 | D:14     | Bought a +0 broad axe for 76 gold pieces
 14284 | D:14     | Reached XP level 14. HP: 76/79 MP: 13/15
 14374 | D:14     | Noticed Josephine
 14390 | D:14     | Killed Josephine
 14821 | D:15     | Entered Level 15 of the Dungeon
 15216 | Lair:1   | Reached skill level 12 in Fighting
 15221 | Lair:1   | Lost mutation: You are covered in fur. (AC +1) [potion of mutation]
 15221 | Lair:1   | Gained mutation: Your spells are a little harder to cast, but a little more powerful. [potion of mutation]
 15221 | Lair:1   | Gained mutation: Your flesh is heat resistant. (rF+) [potion of mutation]
 16051 | Lair:2   | Noticed Prince Ribbit
 16061 | Lair:2   | Killed Prince Ribbit
 16104 | Lair:2   | Identified the +1 pair of gloves of Too Many Cooks {Str+6 Dex+7 Slay-4} (You found it on level 2 of the Lair of Beasts)
 16336 | Lair:2   | Received a gift from Trog
 17179 | Lair:3   | Found a hole to the Spider Nest.
 17433 | Lair:3   | Found a staircase to the Shoals.
 17645 | Lair:4   | Reached XP level 15. HP: 84/85 MP: 16/16
 17726 | Lair:4   | Identified the cursed +1 war axe of Trauma {chaos, +Inv rF+ Str-4 Stlth+} (You found it on level 4 of the Lair of Beasts)
 18074 | Lair:4   | Received a gift from Trog
 18419 | Lair:5   | Received a gift from Trog
 18868 | Lair:5   | Found a staircase to the Slime Pits.
 19075 | Lair:6   | Entered Level 6 of the Lair of Beasts
 19831 | Lair:6   | Reached ****** piety under Trog
 19866 | Lair:6   | Received a gift from Trog
 19869 | Lair:6   | Identified the +11 short sword of the Eternal Warrior {venom, Str+2 Int+3} (Trog gifted it to you on level 6 of the Lair of Beasts)
 19972 | Lair:6   | Reached skill level 10 in Shields
 20209 | Lair:6   | Reached skill level 13 in Fighting
 20833 | Orc:1    | Entered Level 1 of the Orcish Mines
 20984 | Orc:1    | Received a gift from Trog
 21215 | Orc:1    | Noticed Snorg
 21232 | Orc:1    | Killed Snorg
 21232 | Orc:1    | Reached XP level 16. HP: 57/91 MP: 11/17
 21384 | Orc:1    | Found a dark tunnel.
 21389 | Volcano  | Entered a volcano
 21573 | Orc:2    | Entered Level 2 of the Orcish Mines
 21649 | Orc:2    | Found a staircase to the Elven Halls.
 21903 | Orc:2    | Noticed Donald
 21923 | Orc:2    | Killed Donald
 22102 | Orc:2    | Received a gift from Trog
 22433 | Orc:2    | Found Gacrur's General Store.
 22433 | Orc:2    | Found Biufub's Book Emporium.
 22435 | Orc:2    | Found Pelozxip's Antique Armour Emporium.
 22435 | Orc:2    | Found Jowuol's Antique Weapon Shoppe.
 22716 | D:4      | Bought the +20 crystal plate armour of Least Resistance {rF- Int+4 SInv} for 1548 gold pieces
 23230 | D:15     | Found a staircase to the Depths.
 23704 | D:15     | Received a gift from Trog
 24022 | Shoals:1 | Entered Level 1 of the Shoals
 24271 | Shoals:1 | Cast into level 3 of the Abyss (merfolk)
 24360 | Abyss:3  | Got an abyssal rune of Zot
 24422 | Abyss:3  | Noticed a tentacled starspawn
 24441 | Abyss:3  | Killed a tentacled starspawn
 24490 | Shoals:1 | Escaped the Abyss
 25129 | Shoals:2 | Reached XP level 17. HP: 94/96 MP: 18/18
 25340 | Shoals:2 | Received a gift from Trog
 25456 | Shoals:2 | Found a flickering gateway to a bazaar.
 25517 | Bazaar   | Entered a bazaar
 25521 | Bazaar   | Found Zerhess's Jewellery Boutique.
 25538 | Bazaar   | Found Nocre's Antique Armour Emporium.
 25555 | Bazaar   | Found Ruekut's Book Boutique.
 25572 | Bazaar   | Found Oruohe Nuorph's Gadget Shoppe.
 25609 | Bazaar   | Bought a pair of pitted boots for 133 gold pieces
 25609 | Bazaar   | Bought an ichor-stained large shield for 133 gold pieces
 25609 | Bazaar   | Identified the +0 pair of boots "Fuoleuff" {rF+ SInv} (You bought it in a shop in a bazaar)
 25622 | Bazaar   | Identified the cursed -6 large shield "Zuxunenk" {rF++ MR- Regen+ Str-4} (You bought it in a shop in a bazaar)
 26436 | Shoals:3 | Reached skill level 14 in Fighting
 26762 | Shoals:3 | Noticed Roxanne
 26993 | Shoals:4 | Entered Level 4 of the Shoals
 27425 | Shoals:4 | Received a gift from Trog
 27630 | Shoals:4 | Got a barnacled rune of Zot
 27986 | Spider:1 | Entered Level 1 of the Spider Nest
 28453 | Spider:1 | Reached XP level 18. HP: 102/102 MP: 19/19
 28732 | Spider:2 | Noticed Nikola
 28763 | Spider:2 | Killed Nikola
 28763 | Spider:2 | Received a gift from Trog
 29188 | Spider:2 | Found a frozen archway.
 29250 | Spider:2 | Received a gift from Trog
 29413 | IceCv    | Entered an ice cave
 29837 | IceCv    | Noticed an Ice Fiend
 29892 | IceCv    | Received a gift from Trog
 29917 | IceCv    | Killed an Ice Fiend
 29999 | IceCv    | Identified a +2 pair of boots of running (You found it in an ice cave)
 30440 | Spider:3 | Noticed Louise
 30461 | Spider:3 | Killed Louise
 30762 | Spider:3 | Reached skill level 15 in Shields
 31248 | Spider:4 | Entered Level 4 of the Spider Nest
 31638 | Spider:4 | Reached XP level 19. HP: 106/107 MP: 20/20
 31710 | Spider:4 | Noticed Agnes
 31745 | Spider:4 | Killed Agnes
 31815 | Spider:4 | Got a pair of jewelled boots
 31816 | Spider:4 | Identified the cursed -4 pair of boots of Aneurch {rCorr Dex+2 Stlth-} (You found it on level 4 of the Spider Nest)
 31881 | Spider:4 | Reached skill level 15 in Fighting
 31912 | Spider:4 | Got a gossamer rune of Zot
 32212 | Spider:4 | Received a gift from Trog
 32566 | D:11     | Bought a shiny helmet for 217 gold pieces
 32566 | D:11     | Bought a potion of agility for 116 gold pieces
 32566 | D:11     | Bought a glowing helmet for 217 gold pieces
 32741 | Vaults:1 | Entered Level 1 of the Vaults
 33218 | Vaults:1 | Received a gift from Trog
 33420 | Vaults:1 | Found Fin Ollo's Armour Shoppe.
 34514 | Vaults:2 | Reached XP level 20. HP: 114/114 MP: 21/21
 34669 | Vaults:2 | Received a gift from Trog
 34928 | Vaults:2 | Reached skill level 15 in Dodging
 35317 | Vaults:3 | Reached skill level 15 in Armour
 35383 | Vaults:3 | Reached skill level 16 in Fighting
 35406 | Vaults:3 | Found a staircase to the Crypt.
 35815 | Vaults:3 | Received a gift from Trog
 37091 | Vaults:4 | Reached XP level 21. HP: 120/120 MP: 22/22
 37092 | Vaults:4 | Received a gift from Trog
 38042 | Vaults:4 | Received a gift from Trog
 38297 | Depths:1 | Entered Level 1 of the Depths
 38408 | Depths:2 | Reached skill level 17 in Fighting
 38453 | Depths:4 | Found Qithept's Jewellery Shoppe.
 38508 | Depths:4 | Found Zougot's Magic Scroll Shoppe.
 38508 | Depths:4 | Found Uggistra's Distillery.
 38513 | Depths:4 | Found Tigh's Distillery.
 38525 | Depths:4 | Bought the ring "Orublix" {rElec rPois Str+5 SInv Stlth-} for 634 gold pieces
 38637 | Depths:5 | Entered Level 5 of the Depths
 38682 | Depths:5 | Found a gateway to Hell.
 39138 | Depths:5 | Found a gate to the Realm of Zot.
 39144 | Zot:1    | Entered Level 1 of the Realm of Zot
 39454 | Zot:4    | Reached XP level 22. HP: 127/127 MP: 23/23
 39577 | Zot:5    | Entered Level 5 of the Realm of Zot
 39650 | Zot:5    | Received a gift from Trog
 39662 | Zot:5    | Found Qefarap's Changing Room.
 39670 | Zot:5    | Bought a potion of mutation for 152 gold pieces
 39670 | Zot:5    | Bought a potion of mutation for 152 gold pieces
 39911 | Zot:5    | Noticed an orb of fire
 39912 | Zot:5    | Noticed an orb of fire
 39913 | Zot:5    | Noticed an ancient lich
 39917 | Zot:5    | Noticed an orb of fire
 39918 | Zot:5    | Noticed an ancient lich
 39927 | Zot:5    | Noticed a Killer Klown
 39937 | Zot:5    | Gained mutation: You tend to lose your temper in combat. [an orb of fire]
 39943 | Zot:5    | Lost mutation: Your spells are a little harder to cast, but a little more powerful. [an orb of fire]
 39944 | Zot:5    | Gained mutation: You are dopey. (Int -2) [an orb of fire]
 39948 | Zot:5    | Killed from afar by an orb of fire

Vault maps used:
D:1:      minmay_arrival_three_doors
D:2:      nicolae_qazlal_eye_of_the_storm, marbit_many_paths,
          kennysheep_another_room
D:3:      nicolae_ru_path_of_blood, portal_sewer_entry_a
D:4:      lemuel_coloured_pillars_altar, serial_shops, shop_fountains,
          nicolae_shop_crystal, shop, shop, uniq_eustachio
D:5:      grunt_temple_overflow_open, kennysheep_mini_moat, first_bread,
          st_stairs_8, uniq_grinder
D:6:      kennysheep_little_box, cheibrodos_ashenzari_chains,
          minmay_temple_entry_enclosed_plants
D:7:      old_standard_altar, minmay_misc_feat_square
D:8:      minmay_goldmine
D:9:      dpeg_lair_monsters, orc_0_dummy
D:10:     the_bakery, uniq_urug
D:11:     serial_shops, shop_fountains, roderic_whirl, uniq_erolcha, uniq_sonja,
          uniq_gastronok, uniq_maurice
D:12:     serial_shops, shop
D:13:     serial_aquarium, aquarium_bridge_long_joined, aquarium_bridge_square,
          aquarium_window_3, aquarium_window_fake, aquarium_window_fake,
          aquarium_view_2b, aquarium_view_2a, aquarium_pool_corner, uniq_frances
D:14:     david_vaults_1, serial_shops, nicolae_shop_trees, minivault_4,
          uniq_josephine, uniq_rupert
D:15:     gammafunk_depths_entry_grave, minmay_misc_feat_diagonals
Temple:   minmay_temple_bridge_abc
Lair:1:   grunt_megastairs_2, minmay_lair_oklob_chamber
Lair:2:   lemuel_slime, uniq_prince_ribbit2
Lair:3:   elwin_shoals_entry_rooms, nicolae_spider_entry_orb_guardian,
          grunt_megastairs_3, infiniplex_staircase_pool, lemuel_fruit_tree
Lair:4:   grunt_megastairs_1, serial_bayou_shore_b
Lair:5:   slime_dummy
Lair:6:   hangedman_lair_caniforms_friends, guppyfry_lair_end_dragon,
          cheibrodos_lair_lostbears
Shoals:2: serial_shops, bzr_entry_customers, yaktaur_hedge
Shoals:3: argonaut_golden_fleece, nicolae_shoals_drake_roost, uniq_roxanne
Shoals:4: shoals_end_grunt_ice, shoals_ilsuiw_alternative,
          nicolae_shoals_kraken_intersection
Spider:2: special_room, portal_ice_cave_entry_pillars_1, uniq_nikola
Spider:3: uniq_louise
Spider:4: spider_rune_water, uniq_agnes
Orc:1:    enter_volcano_1, uniq_snorg
Orc:2:    st_orc_congregation, basic_altar, uniq_donald
Vaults:1: nicolae_vaults_asterisk, grunt_vaults_swirl, v_pattern_5,
          vaults_dpeg_hooks, ontoclasm_vaults_loading_screen, v_rooms_5,
          vaults_room_ringed_pool, v_alt_pattern_4, nicolae_vaults_gold_heap,
          serial_shops, nicolae_shop_waterfront
Vaults:2: vaults_dpeg_doors, vaults_room_door_hall, v_misc_9,
          nicolae_vaults_three_branches, hangedman_vaults_maws,
          ontoclasm_vaults_loading_screen, vaults_room_hallway, serial_ice_g
Vaults:3: vaults_room_grid, vaults_mumra_minichess, hangedman_vaults_pinch,
          blue_anna_dwarven_crypt, nicolae_vaults_ninety_degrees,
          nicolae_vaults_triangles, v_pattern_4, v_alt_pattern_6, serial_ice_b,
          nicolae_vaults_little_squares_4, ontoclasm_vaults_twist,
          nicolae_vaults_little_squares_5, vaults_room_pools, serial_glass
Vaults:4: nicolae_vaults_c_with_doors, ontoclasm_vaults_shuriken,
          grunt_vaults_twisty, nicolae_vaults_disjoint_gnomons,
          nicolae_vaults_what_the_h, v_misc_17, hangedman_vaults_nails,
          vaults_room_pool, grunt_vaults_hallway_long, vaults_dpeg_diagonal,
          ontoclasm_vaults_gateway
Depths:1: enter_ziggurat_f, grunt_decor_resistance, grunt_hell_entry_dis_mu,
          special_room, rand_demon_pan_entry_1, kennysheep_generic_room_5
Depths:2: evilmike_cross, minmay_misc_feat_hallway, grunt_hell_horde,
          serial_shops, nicolae_shop_temple_entry_statues_fountains,
          lemuel_flamethrower_1, infiniplex_staircase_pool_2, minmay_shop_grove,
          serial_bayou_shore_b
Depths:3: minmay_the_grid_ultimate, serial_shops, pan_entry, hell_entry
Depths:4: minmay_fractal_lines_corner, abyss_entry, hell_entry,
          infiniplex_staircase_zigzag_3, minmay_shoptagon
Depths:5: evilmike_zot_entry_hall, minmay_misc_feat_x, serial_shops,
          nicolae_shop_overgrown_old_shop, hell_entry, basic_stair_grate_trap
Zot:1:    kennysheep_blocky_hall
Zot:2:    kennysheep_oblong_rooms
Zot:3:    st_stairs_14
Zot:5:    nicolae_transmutations_shop
Abyss:3:  evilmike_abyss_rune_ettins
Bazaar:   bazaar_jpeg_circle_common
Sewer:    sewer_frog_island_02
IceCv:    ice_cave_caverns_03
Volcano:  volcano_aerie

Skill      XL: |  1  2  3  4  5  6  7  8  9 10 11 12 13 14 15 16 17 18 19 20 21 |
---------------+----------------------------------------------------------------+-----
Fighting       | 3 4 5 7 8 9 10 11 12 13 14 15 16 17 | 17.9
Armour         | 2 3 4 6 7 8 9 10 11 12 13 14 15 16 | 16.9
Short Blades   | 3 4 5 6 8 |  8.0
Dodging        | 2 3 4 5 6 8 9 10 11 12 13 14 15 16 | 16.9
Shields        | 1 5 8 10 12 13 15 | 15.5

Action                   |  1- 3 |  4- 6 |  7- 9 | 10-12 | 13-15 | 16-18 | 19-21 | 22-24 || total
-------------------------+-------+-------+-------+-------+-------+-------+-------+-------++-------
Melee: Short sword       |    90 |   279 |   415 |   619 |   488 |   404 |       |       ||  2295
       Bite              |    24 |    92 |   155 |   322 |   716 |  1388 |  1420 |   137 ||  4254
       Whip              |       |       |       |       |   943 |       |       |       ||   943
       Quick blade       |       |       |       |       |       |  2589 |  2448 |   237 ||  5274
Invok: Berserk           |     3 |     2 |    11 |    20 |    14 |     6 |       |       ||    56
       Trog's Hand       |       |       |     1 |       |     1 |       |       |       ||     2
       Burn Spellbooks   |       |       |     1 |     2 |     3 |     1 |     1 |       ||     8
       Brothers in Arms  |       |       |       |     9 |     5 |    13 |     4 |     2 ||    33
Evoke: Wand              |       |       |       |       |    11 |     9 |     6 |     1 ||    27
       Lamp of fire      |       |       |       |       |       |     1 |       |       ||     1
  Use: Potion            |     1 |     4 |     1 |     1 |     3 |     1 |       |     3 ||    14
       Scroll            |     1 |     2 |     5 |     2 |     9 |    20 |     8 |     4 ||    51
 Stab: Distracted        |       |       |       |       |       |       |     1 |       ||     1
  Eat: Chunk             |     4 |     8 |    19 |    35 |    48 |    40 |    23 |       ||   177
       Fruit             |       |       |     5 |     2 |     4 |     8 |     4 |       ||    23
       Meat ration       |       |       |       |       |       |       |     2 |     1 ||     3
Armor: Animal skin       |     2 |       |       |       |       |       |       |       ||     2
       Ring mail         |    23 |       |       |       |       |       |       |       ||    23
       Plate armour      |    39 |   161 |    44 |       |       |       |       |       ||   244
       Chain mail        |       |       |   148 |   280 |   469 |    47 |       |       ||   944
       Crystal plate arm |       |       |       |       |       |   720 |   469 |    39 ||  1228
Dodge: Dodged            |    59 |    80 |   177 |   277 |   896 |   731 |   461 |    27 ||  2708
Block: Buckler           |       |       |       |     8 |    69 |       |       |       ||    77
       Shield            |       |       |       |       |  1023 |  1318 |  1130 |    80 ||  3551
       Large shield      |       |       |       |       |       |   123 |       |       ||   123
